 Dungeon Crawl Stone Soup version 0.30.0 (webtiles) character file.

Game seed: 17585194870719487453

68 greasedhog the Trooper (level 4, -6/29 HPs)
             Began as a Gargoyle Fighter on May 7, 2023.
             Mangled by Sigmund
             ... wielding a +0 scythe
              (9 damage)
             ... on level 2 of the Dungeon.
             The game lasted 00:01:40 (931 turns).

greasedhog the Trooper (Gargoyle Fighter)            Turns: 931, Time: 00:01:41

Health: -6/29      AC: 15    Str: 22    XL:     4   Next: 19%
Magic:  4/4        EV:  6    Int:  8    God:
Gold:   67         SH:  4    Dex:  9    Spells: 3/3 levels left

rFire   . . .        a - +0 flail
rCold   . . .        c - +0 buckler
rNeg    + . .        f - +0 plate armour
rPois   ∞            (no helmet)
rElec   +            (no cloak)
rCorr   .            (no gloves)
SInv    .            (no boots)
Will    .....        (no amulet) Stlth
                     (no ring)
HPRegen 0.24/turn    (no ring)
MPRegen 0.09/turn

%: no passive effects
@: mighty
A: sickness immunity, AC +3, negative energy resistance 1, electricity
resistance, torment resistance 1, petrification resistance
a: no special abilities


You were on level 2 of the Dungeon.
You visited 1 branch of the dungeon, and saw 2 of its levels.

You collected 67 gold pieces.

Inventory:

Hand Weapons
 a - a +0 flail (weapon)
Armour
 c - a +0 buckler (worn)
 f - a +0 plate armour (worn)
Scrolls
 e - a scroll of identify {unknown}
 g - 3 scrolls of fog {unknown}
Potions
 b - a potion of degeneration {unknown}
 d - a potion of might


   Skills:
 + Level 4.1 Fighting
 * Level 3.7 Maces & Flails
 - Level 3.2 Armour
 - Level 3.2 Shields


You had 3 spell levels left.
You didn't know any spells.
Your spell library was empty.

Dungeon Overview and Level Annotations

Branches:
Dungeon (2/15)

Altars:

Annotations:
D:2 Sigmund


Innate Abilities, Weirdness & Mutations

You are immune to sickness and miasma.
Your stone body is resilient. (AC +3)
You are immune to poison.
You resist negative energy. (rN+)
You are resistant to electric shocks. (rElec)
You are resistant to unholy torment.
You are immune to petrification.


Message History

You closely miss something. Something hits you but does no damage.
You closely miss something. Something hits you.
You miss something. Something hits you but does no damage.
You closely miss something. You closely miss something.
Something hits you but does no damage.
You hit something.
You hear a zap.
A puff of flame appears from out of thin air!
The puff of flame hits you but does no damage.
You barely miss something. Something hits you but does no damage.
You hit something. Something hits you but does no damage.
You closely miss something. Something hits you but does no damage.
You barely miss something. Something hits you but does no damage.
You miss something.
You hear a zap.
A puff of flame appears from out of thin air!
The puff of flame hits you!
You barely miss something.
You hear a zap.
A puff of flame appears from out of thin air!
The puff of flame hits you but does no damage.
You miss something.
You hear some strange, mumbled words.
A magic dart appears from out of thin air!
The magic dart hits you.
You closely miss something.
You hear a zap.
A puff of flame appears from out of thin air!
The puff of flame hits you.
You closely miss something. Something hits you.
* * * LOW HITPOINT WARNING * * *
You miss something. Something hits you but does no damage.
You miss something. Something hits you but does no damage.
You miss something.
You hear a zap.
A puff of flame appears from out of thin air!
The puff of flame hits you.
* * * LOW HITPOINT WARNING * * *
You miss something. Something hits you!
You die...

..# #.# #(# #
##.## .## ##...##
>! ### ##.###.##
#.#.... ##.## ##.#
.....# #..#
#.##.....## #..#
#..@.......
#.#.###.###{....#.
# #.##...# .....#
##. #.....# ##.###
#...###.##### .#
........# #
#...##..#
##......# #####..#


There were no monsters in sight!

Vanquished Creatures
  A gnoll (D:1)
  2 adders (D:2)
  A ball python (D:1)
  2 bats (D:1)
  9 endoplasms
  4 giant cockroaches
  A goblin (D:2)
  3 hobgoblins (D:1)
  4 quokkas (D:1)
  3 frilled lizards
  3 kobolds (D:1)
  3 rats (D:2)
36 creatures vanquished.

Notes
Turn   | Place    | Note
-------+----------+-------------------------------------------
     0 | D:1      | greasedhog the Gargoyle Fighter began the quest for the
                  | Orb.
     0 | D:1      | Reached XP level 1. HP: 14/14 MP: 1/1
   128 | D:1      | Reached XP level 2. HP: 19/19 MP: 2/2
   218 | D:1      | Reached XP level 3. HP: 24/24 MP: 3/3
   897 | D:2      | Noticed Sigmund
   904 | D:2      | Reached skill level 4 in Fighting
   904 | D:2      | Reached XP level 4. HP: 26/29 MP: 4/4
   931 | D:2      | Mangled by Sigmund

Illustrated notes

Levels and vault maps discovered:
D:1:      dpeg_arrival_rooms_with_view, layout_loops_ring
D:2:      layout_loops_ring, minmay_misc_feat_pillars, uniq_sigmund,
          uniq_natasha

Skill      XL: |  1  2  3 |
---------------+----------+-----
Maces & Flails | 3 |  3.7
Fighting       | 4 |  4.1
Armour         | |  3.2
Shields        | |  3.2

Action                     |  1- 3 |  4- 6 || total
---------------------------+-------+-------++-------
  Melee: Flail             |    88 |    27 ||   115
    Use: Potion            |     1 |       ||     1
 Armour: Plate armour      |    66 |    19 ||    85
         Scale mail        |     1 |       ||     1
  Dodge: Dodged            |    19 |     2 ||    21
  Block: Buckler           |    11 |     2 ||    13
